 Dungeon Crawl Stone Soup version 0.19.1-1-g22dce08 (webtiles) character file.

2199 dvd the Twirler (level 9, -4/87 HPs)
             Began as a Troll Berserker on Jan 14, 2017.
             Was an Elder of Trog.
             Slain by a hornet (11 damage)
             ... on level 7 of the Dungeon.
             The game lasted 00:10:57 (4003 turns).

dvd the Twirler (Troll Berserker)                   Turns: 4003, Time: 00:10:57

Health: -4/87      AC:  8    Str: 27    XL:     9   Next: 12%
Magic:  0/8        EV: 12    Int:  3    God:    Trog [****..]
Gold:   364        SH:  0    Dex: 12    Spells: 0 memorised, 8 levels left

rFire  . . .     SeeInvis .     F - +3 flail (protect)
rCold  . . .     Gourm    +     b - +0 animal skin
rNeg   . . .     Faith    .     (no shield)
rPois  .         Spirit   +     (helmet restricted)
rElec  .         Reflect  .     q - +2 cloak
rCorr  +         Harm     .     (gloves unavailable)
MR     .....                    (boots unavailable)
Stlth  +.........               E - amulet of guardian spirit
                                (no ring)
                                g - ring of resist corrosion

@: lethally poisoned (-4 -> -6), slowed, very slow
A: unfitting armour, claws 3, fast metabolism 3, gourmand, regeneration 1,
shaggy fur 1, tough skin 2
a: Berserk, Trog's Hand, Brothers in Arms, Burn Spellbooks, Renounce Religion


You were on level 7 of the Dungeon.
You worshipped Trog.
Trog was greatly pleased with you.
You were very full.

You visited 1 branch of the dungeon, and saw 7 of its levels.

You collected 364 gold pieces.

Inventory:

Hand Weapons
 a - a +3 quarterstaff of chaos
 f - a +0 whip of freezing
 p - a +0 mace
 t - a +0 war axe
 y - a +0 giant spiked club
 F - a +3 flail of protection (weapon)
Armour
 b - a +0 animal skin (worn)
 q - a +2 cloak (worn)
Jewellery
 g - a ring of resist corrosion (left claw)
 E - an amulet of guardian spirit (around neck)
Wands
 u - a wand of flame (34/48)
 B - a wand of teleportation (0/9)
Scrolls
 e - a scroll of blinking
 k - a scroll of identify
 r - 3 scrolls of teleportation
 C - a scroll of remove curse
 D - a scroll of enchant armour
Potions
 i - 3 potions of haste {unknown}
 j - 2 potions of lignification {unknown}
 m - a potion of heal wounds {unknown}
 n - a potion of cancellation {unknown}
 o - 3 potions of mutation {unknown}
 s - a potion of agility {unknown}
 v - 2 potions of magic {unknown}
 x - a potion of might {unknown}
 z - 2 potions of brilliance
 A - a potion of resistance {unknown}
Comestibles
 c - 8 bread rations
 d - 2 slices of pizza
 h - 6 meat rations
 l - a royal jelly
 w - 5 beef jerkies


   Skills:
 + Level 4.8 Fighting
 + Level 4.8(6.8) Maces & Flails
 + Level 6.8(7.4) Staves
 + Level 5.3 Dodging
 - Level 0.1 Stealth


You had 8 spell levels left.
You didn't know any spells.

Dungeon Overview and Level Annotations

Branches:
Dungeon (7/15)
 Temple: D:4-7

Altars:
Cheibriados
Fedhas
Gozag
Makhleb
Sif Muna
Vehumet
Xom


Innate Abilities, Weirdness & Mutations

You are too large for most types of armour.
You have claws for hands.
Your metabolism is lightning-fast.
You like to eat raw meat.
Your natural rate of healing is unusually fast.
You are covered in fur. (AC +1)
You have very tough skin. (AC +2)


Message History

The hornet barely misses you.
An orc priest comes into view. It is wielding a dagger.
The orc priest shouts!
You thump the hornet!
Your weapon exudes an aura of protection.
The hornet is heavily wounded.
You feel sick. The hornet stings you!
You feel as though you will be slow longer.
The hornet stings you.
You feel as though you will be slow longer.
The hornet stings you but does no damage.
The hornet stings you!
* * * LOW HITPOINT WARNING * * *
You feel as though you will be slow longer.
You feel sick. The hornet stings you!
* * * LOW HITPOINT WARNING * * *
You are more poisoned.
You feel as though you will be slow longer.
You feel sick. The hornet stings you!
You die...

##.. ....
#.... ...
.....# ..#
......##..#
......o...#
. #o..# ...
#.Z#.....
.....###y##
##.
.?.....@##
....####<#
..........#
.########.#
.# #


You could see a hornet, an orc and a wyvern skeleton.

Vanquished Creatures
  Pikel (D:5)
  The ghost of Megalobster the Destroyer, a novice DECj (D:6)
  Sigmund (D:6)
  Eustachio (D:6)
  Edmund (D:6)
  An ogre (D:4)
  A sky beast (D:6)
  A phantom (D:4)
  The ghost of TuxedoFelix the Shield-Bearer, an amateur HuFi of Cheibriados (D:3)
  A crimson imp (D:6)
  2 howler monkeys
  Crazy Yiuf (D:2)
  A centaur skeleton (D:5)
  3 orc priests (D:5)
  2 hounds
  An iguana (D:5)
  Ijyb (D:2)
  5 orc wizards
  4 worker ants
  5 gnolls
  7 adders
  A shadow imp (D:5)
  An adder zombie (D:5)
  2 worms (D:2)
  3 dart slugs
  4 leopard geckos
  13 orcs
  5 bats
  4 giant cockroaches
  7 goblins
  7 hobgoblins
  11 jackals
  2 kobolds
  4 quokkas
  3 ball pythons
  4 frilled lizards
  3 rats (D:1)
  2 fungi (D:2)
118 creatures vanquished.

Vanquished Creatures (others)
  An adder (D:6)
1 creature vanquished.

Grand Total: 119 creatures vanquished

Notes
Turn   | Place    | Note
-------+----------+-------------------------------------------
     0 | D:1      | dvd the Troll Berserker began the quest for the Orb.
     0 | D:1      | Reached XP level 1. HP: 22/22 MP: 0/0
   142 | D:1      | Reached XP level 2. HP: 20/29 MP: 1/1
   339 | D:1      | Reached XP level 3. HP: 36/36 MP: 2/2
   703 | D:2      | Found a deep blue altar of Sif Muna.
   781 | D:2      | Reached ** piety under Trog
   844 | D:2      | Found a runed door.
   848 | D:2      | Noticed Crazy Yiuf
   856 | D:2      | Killed Crazy Yiuf
   856 | D:2      | Reached XP level 4. HP: 44/44 MP: 3/3
   923 | D:2      | Noticed Ijyb
   933 | D:2      | Killed Ijyb
  1170 | D:3      | Reached XP level 5. HP: 49/52 MP: 4/4
  1172 | D:3      | Noticed TuxedoFelix's ghost (amateur HuFi)
  1239 | D:3      | Killed TuxedoFelix's ghost
  1239 | D:3      | Reached XP level 6. HP: 31/61 MP: 5/5
  1537 | D:3      | Found a burning altar of Makhleb.
  1537 | D:3      | Found a blossoming altar of Fedhas.
  1538 | D:3      | Found a shimmering altar of Xom.
  1771 | D:4      | Reached skill level 1 in Staves
  2079 | D:4      | Reached skill level 2 in Staves
  2079 | D:4      | Reached XP level 7. HP: 52/67 MP: 6/6
  2547 | D:4      | Reached *** piety under Trog
  2561 | D:5      | Entered Level 5 of the Dungeon
  2676 | D:5      | Found a radiant altar of Vehumet.
  2681 | D:5      | Reached skill level 3 in Staves
  2710 | D:5      | Found an opulent altar of Gozag.
  3326 | D:5      | Reached skill level 4 in Staves
  3386 | D:6      | Noticed Pikel
  3400 | D:5      | Killed Pikel
  3400 | D:5      | Reached skill level 5 in Staves
  3400 | D:5      | Reached XP level 8. HP: 47/79 MP: 7/7
  3488 | D:6      | Found a snail-covered altar of Cheibriados.
  3491 | D:6      | Noticed Sigmund
  3492 | D:6      | Noticed Megalobster's ghost (novice DECj)
  3553 | D:5      | Reached **** piety under Trog
  3573 | D:6      | Killed Sigmund
  3580 | D:6      | Killed Megalobster's ghost
  3580 | D:6      | Reached skill level 6 in Staves
  3580 | D:6      | Reached skill level 5 in Dodging
  3613 | D:6      | Noticed Eustachio
  3633 | D:6      | Killed Eustachio
  3713 | D:6      | Noticed Edmund
  3720 | D:6      | Killed Edmund
  3720 | D:6      | Reached XP level 9. HP: 85/85 MP: 3/8
  4003 | D:7      | Slain by a hornet

Skill      XL: |  1  2  3  4  5  6  7  8 |
---------------+-------------------------+-----
Maces & Flails | 3 4 |  4.8
Dodging        | 3 4 5 |  5.3
Fighting       | 3 4 |  4.8
Staves         | 2 5 6 |  6.8
Stealth        | |  0.1

Action                   |  1- 3 |  4- 6 |  7- 9 || total
-------------------------+-------+-------+-------++-------
Melee: Mace              |   146 |       |       ||   146
       Quarterstaff      |       |   101 |   126 ||   227
       Flail             |       |       |    31 ||    31
Invok: Berserk           |     1 |     4 |     4 ||     9
  Use: Scroll            |       |     5 |     5 ||    10
 Stab: Sleeping          |       |     2 |     1 ||     3
       Confused          |       |     1 |       ||     1
       Paralysed         |       |       |     2 ||     2
       Petrified         |       |       |     1 ||     1
  Eat: Chunk             |    13 |    17 |    20 ||    50
Armor: Animal skin       |    54 |    36 |    79 ||   169
Dodge: Dodged            |    63 |    57 |   104 ||   224
